Schmensch, lawful female human Priestess ------ |._..-#######--------------- ----- |.{..| #-.............| ##-...| |....| |.............| # |{..| |.[..| |...........<.| ##[#-...)# ---.-- |.............| # #|...|# ## -------------|- ### ##....|# # # # ###-----# ### ############## ### # ------- # #---|--------# # |.....-##### # #|..........|# # |....^| % #|..........|# # |....>-## ########################|..>.......|# # |.....| # #-------.------ |..........|# # |.....-####|............| |..........|# #-------- ------- #-............| |...........# #@@=*===| |............| ------------ |..====| |............| |.====*| ----------|--- -------- Schmensch the Adept Experience level: 6 Strength: 15 Dexterity: 14 Constitution: 15 Intelligence: 8 Wisdom: 17 Charisma: 11 Health: 0(66) Energy: 65(65) Def: 6 Gold: 0 Moves: 5801 Dungeon seed: UYjyQkvPJkVPqrVJ Game ID: Schmensch_1675963456 Your Inventory: Weapons a - a blessed +1 mace (weapon in hand) E - 14 uncursed +0 darts (in quiver) H - 10 cursed +0 shuriken Armor e - an uncursed +0 robe (being worn) n - an uncursed +0 small shield (being worn) q - an uncursed +0 orcish helm (being worn) N - an uncursed +0 pair of iron shoes (being worn) Scrolls K - a blessed scroll of blank paper L - a cursed scroll of blank paper M - a blessed scroll of destroy armor P - 3 uncursed scrolls of blank paper Spellbooks i - an uncursed spellbook of extra healing o - an uncursed spellbook of cancellation J - an uncursed spellbook of light Potions b - 3 potions of holy water l - an uncursed potion of restore ability Rings k - an uncursed ring of sustain ability y - an uncursed ring of stealth Wands m - an uncursed wand of probing (0:2) w - an uncursed wand of lightning (0:5) F - an uncursed wand of sleep (0:3) Tools h - an uncursed oil lamp (0:1071) s - 6 uncursed tallow candles (0:200) Gems r - 2 uncursed worthless pieces of black glass z - an uncursed worthless piece of yellow glass Y - an uncursed worthless piece of red glass Spells and supernatural/magical abilities: Name Level Category Cost Memory K - cure sickness 3 healing 100pw 91% U - detect unseen 3 divination 100pw 91% W - pray for help -- divine ? -- X - turn undead -- divine ? -- Your skills at the end: Fighting Skills wands [Basic] Weapon Skills mace [Basic] Spellcasting Skills clerical spells [Basic] Final Attributes: You were stridently aligned. You were poison resistant. You were telepathic. You were lucky. You last prayed 715 turns ago. Anu was very pleased with you. You are dead. Vanquished creatures: a leprechaun a rock piercer 2 fog clouds a gnome lord a gnomish wizard a golden naga hatchling a guardian naga hatchling 2 gray oozes a straw golem 2 paper golems 2 giant ants a floating eye a dwarf a kobold lord 2 kobold shamans 4 hill orcs 2 rothes 4 giant bats 2 monkeys 4 orc zombies an iguana 3 acid blobs 2 coyotes 4 gas spores a hobgoblin 5 giant rats a yellow mold a red mold 9 gnomes 3 gnome zombies 6 geckos 3 jackals 3 foxes 3 goblins a sewer rat 4 grid bugs 2 bats 3 lichens a kobold zombie 11 newts 103 creatures vanquished. Voluntary challenges: You used a wielded weapon 222 times, starting on turn 93. You read items or engraved 2 times, starting on turn 1416. You never genocided any monsters. You never polymorphed an object. You never changed form. You used no wishes. You never split a pudding. You wrote Elbereth's name 2 times, starting on turn 1416. You violated your moral code, losing 39 points of alignment, starting on turn 5801. Dungeon overview: The Dungeons of Doom: levels 1 to 4 Level 1 a sink, a vault a long staircase Level 2 some fountains Level 3 <- You were here a jewelry store, an altar to Anu, some fountains stairs to The Gnomish Mines Level 4 a vault The Gnomish Mines: levels 4 to 5 Level 4 stairs to The Dungeons of Doom Level 5 History has recorded: On T:1 you entered the Dungeons of Doom to retrieve the Amulet of Yendor! On T:441 you reached level 2 of The Dungeons of Doom. On T:528 you advanced to experience level 2. On T:847 you reached level 3 of The Dungeons of Doom. On T:996 you advanced to experience level 3. On T:1391 you reached level 4 of The Dungeons of Doom. On T:1466 you advanced to experience level 4. On T:1606 you reached level 1 of The Gnomish Mines. On T:2083 you advanced to experience level 5. On T:2466 you reached level 2 of The Gnomish Mines. On T:4888 you advanced to experience level 6. Score breakdown: Gold: 0 ( 0 points) Experience: 6 levels (12456 points) Exploration: 5 levels ( 10.20%) ( 8660 points) Discoveries: 2 items ( 0.66%) ( 2445 points) Valuables value: (no points given unless you survive) Artifact value: 0 ( 0 points) Variety of kills: 40 monsters ( 10.53%) ( 9733 points) Turncount: 5801 turns (-1574 points) Survival: died (score multiplied by 80%) Total score: 25376 Latest messages: You kill the rothe! You see here an uncursed rothe corpse. Your movements are slowed slightly because of your load. You have a little trouble lifting S - an uncursed rothe corpse. [2 turns] (2x) Where do you want to travel to? [2 turns] Your sacrifice is consumed in a flash of light! You glimpse a four-leaf clover at your feet. Anu is very pleased with you. There is a doorway here. You see here an uncursed crude dagger. You are beginning to feel hungry. You stop running. "Hello, Schmensch! Welcome again to Havic's jewelers!" (2x) You kill the gas spore! Havic is caught in the gas spore's explosion! Your conscience bothers you... Havic gets angry! You are caught in the gas spore's explosion! Havic zaps an uncursed steel wand! The magic missile hits you! The magic missile bounces! You are caught in the magical blast! Havic takes all your possessions. Final status: Goodbye Schmensch the Priestess, killed by a Ms. Havic, the shopkeeper's magical blast... You died in The Dungeons of Doom on dungeon level 3 with 25376 points, and 0 pieces of gold, after 5801 moves. You were level 6 with a maximum of 66 hit points when you died.